Gulls vs Senators

Created - December 19, 2024 at 19:23

Goals
1 2 3 T
Gulls 1 1 1 3
Senators 1 1 0 2
Shots
1 2 3 T
Gulls 5 11 14 30
Senators 18 14 8 40

1st period

1. Gulls , Scott Wilson 11 (Luke Kunin 6, Jakub Vrana 13) at 7:05
2. Senators , Tyler Angle 1 (Axel Jonsson-Fjallby 3, Jonas Siegenthaler 13) at 8:58

Penalties :
Logan Brown (S.D) for Tripping (Minor) at 2:46, Zac Leslie (Bel) for High sticking (Minor) at 11:02

2nd period

3. Senators , Kiefer Sherwood 15 (Marc Michaelis 14, Radek Faksa 25) at 16:35
4. Gulls , Anton Blidh 13 (Logan Brown 25) at 18:51

Penalties :
Jakub Vrana (S.D) for Delaying the game (Minor) at 6:52, Jakub Vrana (S.D) for Interference (Minor) at 11:50

3rd period

5. Gulls , Jakub Vrana 10 (Logan Brown 26, Anton Blidh 14) at 2:26

Penalties :
Logan Brown (S.D) for Unsportsmanlike conduct (Minor) at 8:03

Goalie Stats

Louis Domingue (S.D), 38 saves from 40 shots - (0.950), W, 11-7-4, 60:00 minutes
David Rittich (Bel), 27 saves from 30 shots - (0.900), L, 8-6-2, 59:10 minutes

Players Stats for Gulls

Player Name              G  A  P  +/- PIM S  H  SB GA TA FO     MP     PP MP  PK MP  
------------------------------------------------------------------------------------
Andrei Mironov           0  0  0   0  0   1  1  3  0  0  0/0    28:34   1:03   5:10 
Anton Blidh              1  1  2   1  0   3  1  2  2  1  1/1    19:51   0:56   1:07 
Barrett Hayton           0  0  0   0  0   0  1  0  0  0  0/3     6:26   0:00   0:00 
Connor Clifton           0  0  0   2  0   1  0  0  0  0  0/0    16:46   0:56   0:00 
Dean Kukan               0  0  0   0  0   3  0  2  2  3  0/0    28:34   1:03   5:10 
Dylan DeMelo             0  0  0   2  0   1  0  0  0  1  0/0    16:46   0:56   0:00 
Henri Ikonen             0  0  0   0  0   0  2  0  0  0  0/1    11:02   0:00   0:00 
Jakub Vrana              1  1  2   1  4   5  0  1  0  2  2/2    18:50   0:56   0:00 
Logan Brown              0  2  2   1  4   3  1  2  0  1  10/28  18:47   0:56   0:00 
Luke Kunin               0  1  1   0  0   5  1  1  0  1  6/17   15:52   0:00   4:40 
Markus Niemelainen       0  0  0  -1  0   0  0  0  0  0  0/0    14:40   0:00   2:46 
Mikhail Maltsev          0  0  0   0  0   1  0  1  0  0  0/1    11:16   0:00   4:40 
Morgan Frost             0  0  0   0  0   0  0  0  0  1  7/16   17:51   1:03   2:09 
Nick Merkley             0  0  0   0  0   0  0  0  0  0  0/0     8:38   0:00   2:09 
Scott Wilson             1  0  1   0  0   2  0  0  0  0  0/0    11:02   0:00   0:00 
Sergey Tolchinsky        0  0  0   0  0   2  0  0  0  1  1/1    16:46   1:03   1:07 
Tarmo Reunanen           0  0  0  -1  0   0  1  0  0  1  0/0    14:40   0:00   2:46 
Troy Terry               0  0  0   0  0   3  1  0  0  1  0/0    15:39   1:03   0:00 

Players Stats for Senators

Player Name              G  A  P  +/- PIM S  H  SB GA TA FO     MP     PP MP  PK MP  
------------------------------------------------------------------------------------
Akil Thomas              0  0  0   0  0   0  1  1  0  0  0/5    10:31   0:00   0:02 
Alec Regula              0  0  0  -1  0   0  0  0  0  0  0/0     5:11   0:00   0:00 
Anton Karlsson           0  0  0   0  0   2  0  0  2  0  0/0    10:56   0:00   0:34 
Artem Zub                0  0  0  -1  0   2  2  3  3  1  0/0    26:58   4:57   1:22 
Arttu Ruotsalainen       0  0  0  -3  0   2  2  1  0  0  6/13   17:56   3:27   0:36 
Axel Jonsson-Fjallby     0  1  1   1  0   1  1  0  1  0  0/0     6:44   0:00   0:00 
Bryce Kindopp            0  0  0   1  0   2  1  0  0  0  0/0     6:44   0:00   0:00 
Carl Grundstrom          0  0  0  -3  0   4  1  1  1  1  0/0    17:20   3:27   0:00 
Gustav Forsling          0  0  0  -1  0   0  1  0  0  0  0/0     5:44   0:00   0:33 
Jesse Graham             0  0  0   2  0   0  0  0  1  0  0/0    18:16   2:59   0:37 
Jonas Siegenthaler       0  1  1   2  0   1  2  0  0  0  0/0    18:16   2:59   0:37 
Kiefer Sherwood          1  0  1   1  0   5  0  0  0  0  1/3    23:28   4:29   0:00 
Logan O'Connor           0  0  0   0  0   2  2  1  1  1  0/0    10:55   0:00   0:33 
Marc Michaelis           0  1  1   1  0   4  0  1  1  0  3/3    24:24   4:29   0:49 
Martin Fehervary         0  0  0  -1  0   0  0  0  0  1  0/0    10:24   0:00   0:49 
Mason Geertsen           0  0  0  -1  0   0  0  0  0  0  0/0     9:35   0:00   0:00 
Radek Faksa              0  1  1   1  0   6  0  0  3  0  31/44  24:16   4:29   0:48 
Tyler Angle              1  0  1   1  0   1  1  0  0  0  1/1     6:44   0:00   0:00 
Vitaly Abramov           0  0  0  -3  0   6  1  1  0  0  1/1    17:56   3:27   0:36 
Zac Leslie               0  0  0  -1  2   2  2  0  0  0  0/0    25:42   4:57   0:00 

3 Stars

1 - Louis Domingue (S.D)
2 - Anton Blidh (S.D)
3 - Tyler Angle (Bel)

Power Play

Gulls - 0 on 1 Attempt(s) - 0.00%
Senators - 0 on 4 Attempt(s) - 0.00%

Penalty Kill

Gulls - 4 on 4 Attempt(s) - 100.00% - Score 0 goal in Penalty Kill
Senators - 1 on 1 Attempt(s) - 100.00% - Score 0 goal in Penalty Kill

Team Stat

Gulls - Hits : 9 - Faceoff Wins : 27 - Blocked Shots : 12 - Penalty Minutes : 8
Senators - Hits : 17 - Faceoff Wins : 43 - Blocked Shots : 9 - Penalty Minutes : 2

Official

Referees : Brian Pochmara and Brad Meier
Linesman : Vaughan Rody and Ryan Daisy

Game Notes

No Game Note

Finance

Level 1 -- Attendance: 1808 (90.40%) -- Ticket Income $126,560
Level 2 -- Attendance: 923 (92.30%) -- Ticket Income $36,920
Total Attendance: 2731 (91.03%)
Total Ticket Income: $163,480
Other Income: $8,174
Total Income: $171,654

Gulls

5 vs 5 Forward 
   Center                   Left Wing                Right Wing               Time % Phy DF OF 
 1 Logan Brown              Anton Blidh              Jakub Vrana              40     0   2  3  
 2 Morgan Frost             Sergey Tolchinsky        Troy Terry               30     0   2  3  
 3 Luke Kunin               Henri Ikonen             Scott Wilson             20     0   2  3  
 4 Barrett Hayton           Mikhail Maltsev          Nick Merkley             10     0   2  3  

5 vs 5 Defense 
   Defense                  Defense                                           Time % Phy DF OF 
 1 Dean Kukan               Andrei Mironov                                    40     0   2  3  
 2 Dylan DeMelo             Connor Clifton                                    30     0   2  3  
 3 Tarmo Reunanen           Markus Niemelainen                                20     0   2  3  
 4 Dean Kukan               Andrei Mironov                                    10     0   2  3  

PowerPlay Forward 
   Center                   Left Wing                Right Wing               Time % Phy DF OF 
 1 Logan Brown              Anton Blidh              Jakub Vrana              60     0   1  4  
 2 Morgan Frost             Sergey Tolchinsky        Troy Terry               40     0   1  4  

PowerPlay Defense
   Defense                  Defense                                           Time % Phy DF OF 
 1 Dean Kukan               Andrei Mironov                                    60     0   1  4  
 2 Dylan DeMelo             Connor Clifton                                    40     0   1  4  

Penalty Kill 4 Players Forward 
   Center                   Wing                     Time % Phy DF OF 
 1 Luke Kunin               Mikhail Maltsev          60     1   2  2  
 2 Morgan Frost             Nick Merkley             40     1   2  2  

Penalty Kill 4 Players Defense
   Defense                  Defense                  Time % Phy DF OF 
 1 Dean Kukan               Andrei Mironov           60     1   2  2  
 2 Markus Niemelainen       Tarmo Reunanen           40     1   2  2  

Penalty Kill - 3 Players Forward 
   Forward                                           Time % Phy DF OF 
 1 Logan Brown                                       60     1   2  2  
 2 Morgan Frost                                      40     1   2  2  

Penalty Kill - 3 Players Defense
   Defense                  Defense                  Time % Phy DF OF 
 1 Dean Kukan               Andrei Mironov           60     1   2  2  
 2 Dylan DeMelo             Connor Clifton           40     1   2  2  

4 vs 4 Forward 
   Center                   Wing                     Time % Phy DF OF 
 1 Barrett Hayton           Nick Merkley             60     1   2  2  
 2 Luke Kunin               Scott Wilson             40     1   2  2  

4 vs 4 Defense
   Defense                  Defense                  Time % Phy DF OF 
 1 Markus Niemelainen       Tarmo Reunanen           60     1   2  2  
 2 Dylan DeMelo             Connor Clifton           40     1   2  2  

Last Minutes Offensive
   Center                   Left Wing                Right Wing               Defense                  Defense                  
   Logan Brown              Anton Blidh              Jakub Vrana              Dean Kukan               Andrei Mironov           

Last Minutes Defensive
   Center                   Left Wing                Right Wing               Defense                  Defense                  
   Logan Brown              Anton Blidh              Jakub Vrana              Dean Kukan               Andrei Mironov           

Goaltenders
Starting : Louis Domingue           
Backup : Eamon McAdam             

Extra Forwards
Normal : Sergey Tolchinsky, Troy Terry, Morgan Frost - PP : Sergey Tolchinsky, Troy Terry - PK : Sergey Tolchinsky
Extra Defensemen
Normal : Connor Clifton, Tarmo Reunanen, Markus Niemelainen - PP : Connor Clifton - PK : Connor Clifton, Tarmo Reunanen
Penalty Shots
Jakub Vrana, Logan Brown, Scott Wilson, Anton Blidh, Sergey Tolchinsky
Custom OT Lines Forwards
Jakub Vrana, Logan Brown, Scott Wilson, Anton Blidh, Sergey Tolchinsky, Troy Terry, Morgan Frost, Nick Merkley, Henri Ikonen, Mikhail Maltsev
Custom OT Lines Defensemen
Dean Kukan, Andrei Mironov, Dylan DeMelo, Connor Clifton, Tarmo Reunanen

Scratches
Branden Troock (Healthy), Damien Giroux (Healthy), Jake Pivonka (Healthy), Francis Perron (Healthy), Jack Glover (Healthy)
Ryan Collins (Healthy), Taylor Leier (Healthy), MacKenzie Entwistle (Healthy), Zack MacEwen (Healthy), Niklas Nordgren (Healthy)
John Beecher (Healthy), Massimo Rizzo (Healthy), Drew Helleson (Healthy), Pavel Dorofeyev (Healthy), Alexis Gravel (Healthy)
Connor Ingram (Healthy), Mads Sogaard (Healthy)

Senators

5 vs 5 Forward 
   Center                   Left Wing                Right Wing               Time % Phy DF OF 
 1 Radek Faksa              Marc Michaelis           Kiefer Sherwood          40     1   2  2  
 2 Arttu Ruotsalainen       Vitaly Abramov           Carl Grundstrom          30     1   2  2  
 3 Akil Thomas              Anton Karlsson           Logan O'Connor           20     1   2  2  
 4 Tyler Angle              Axel Jonsson-Fjallby     Bryce Kindopp            10     1   2  2  

5 vs 5 Defense 
   Defense                  Defense                                           Time % Phy DF OF 
 1 Zac Leslie               Artem Zub                                         40     1   2  2  
 2 Jesse Graham             Jonas Siegenthaler                                30     1   2  2  
 3 Mason Geertsen           Martin Fehervary                                  20     1   2  2  
 4 Gustav Forsling          Alec Regula                                       10     1   2  2  

PowerPlay Forward 
   Center                   Left Wing                Right Wing               Time % Phy DF OF 
 1 Radek Faksa              Marc Michaelis           Kiefer Sherwood          60     0   1  4  
 2 Arttu Ruotsalainen       Vitaly Abramov           Carl Grundstrom          40     0   1  4  

PowerPlay Defense
   Defense                  Defense                                           Time % Phy DF OF 
 1 Zac Leslie               Artem Zub                                         60     0   1  4  
 2 Jesse Graham             Jonas Siegenthaler                                40     0   1  4  

Penalty Kill 4 Players Forward 
   Center                   Wing                     Time % Phy DF OF 
 1 Radek Faksa              Marc Michaelis           60     1   4  0  
 2 Arttu Ruotsalainen       Vitaly Abramov           40     1   4  0  

Penalty Kill 4 Players Defense
   Defense                  Defense                  Time % Phy DF OF 
 1 Zac Leslie               Artem Zub                60     1   4  0  
 2 Jesse Graham             Jonas Siegenthaler       40     1   4  0  

Penalty Kill - 3 Players Forward 
   Forward                                           Time % Phy DF OF 
 1 Radek Faksa                                       60     1   4  0  
 2 Arttu Ruotsalainen                                40     1   4  0  

Penalty Kill - 3 Players Defense
   Defense                  Defense                  Time % Phy DF OF 
 1 Zac Leslie               Artem Zub                60     1   4  0  
 2 Jesse Graham             Jonas Siegenthaler       40     1   4  0  

4 vs 4 Forward 
   Center                   Wing                     Time % Phy DF OF 
 1 Radek Faksa              Marc Michaelis           60     0   2  3  
 2 Arttu Ruotsalainen       Vitaly Abramov           40     1   2  2  

4 vs 4 Defense
   Defense                  Defense                  Time % Phy DF OF 
 1 Zac Leslie               Artem Zub                60     0   2  3  
 2 Jesse Graham             Jonas Siegenthaler       40     1   2  2  

Last Minutes Offensive
   Center                   Left Wing                Right Wing               Defense                  Defense                  
   Radek Faksa              Marc Michaelis           Kiefer Sherwood          Zac Leslie               Artem Zub                

Last Minutes Defensive
   Center                   Left Wing                Right Wing               Defense                  Defense                  
   Radek Faksa              Marc Michaelis           Kiefer Sherwood          Zac Leslie               Artem Zub                

Goaltenders
Starting : David Rittich            
Backup : Arvid Soderblom          

Extra Forwards
Normal : Logan O'Connor, Vitaly Abramov, Anton Karlsson - PP : Logan O'Connor, Vitaly Abramov - PK : Logan O'Connor
Extra Defensemen
Normal : Martin Fehervary, Gustav Forsling, Alec Regula - PP : Martin Fehervary - PK : Martin Fehervary, Gustav Forsling
Penalty Shots
Radek Faksa, Marc Michaelis, Kiefer Sherwood, Carl Grundstrom, Logan O'Connor
Custom OT Lines Forwards
Radek Faksa, Marc Michaelis, Kiefer Sherwood, Carl Grundstrom, Logan O'Connor, Vitaly Abramov, Anton Karlsson, Axel Jonsson-Fjallby, Arttu Ruotsalainen, Bryce Kindopp
Custom OT Lines Defensemen
Zac Leslie, Artem Zub, Jesse Graham, Jonas Siegenthaler, Mason Geertsen

Scratches
C.J Suess (Healthy), Ivan Morozov (Healthy), Cliff Pu (Healthy), Jett Woo (Healthy), Adam Mascherin (Healthy)
Olivier Rodrigue (Healthy)

% Time on Ice - Gulls

Lines # - Real PCT - Wanted PCT - Time Play
Normal Forward
1 - 35% - 40% - 16:56
2 - 30% - 30% - 14:39
3 - 22% - 20% - 11:02
4 - 13% - 10% - 6:26
Normal Defense
1 - 36% - 40% - 17:51
2 - 34% - 30% - 16:28
3 - 23% - 20% - 11:16
4 - 7% - 10% - 3:28
PP Forward
1 - 47% - 60% - 0:56
2 - 53% - 40% - 1:03
PP Defense
1 - 53% - 60% - 1:03
2 - 47% - 40% - 0:56
PK Forward
1 - 73% - 60% - 5:47
2 - 27% - 40% - 2:09
PK Defense
1 - 65% - 60% - 5:10
2 - 35% - 40% - 2:46
PK3 Forward
1 - 0% - 60%
2 - 0% - 40%
PK3 Defense
1 - 0% - 60%
2 - 0% - 40%
44 Forward
1 - 0% - 60%
2 - 0% - 40%
44 Defense
1 - 0% - 60%
2 - 0% - 40%
Last Minute Offensive  - 0:00
Last Minute Defensive  - 1:02
Total
Forward - 60:00
Defense - 60:00

% Time on Ice - Senators

Lines # - Real PCT - Wanted PCT - Time Play
Normal Forward
1 - 37% - 40% - 18:11
2 - 28% - 30% - 13:53
3 - 21% - 20% - 10:22
4 - 14% - 10% - 6:44
Normal Defense
1 - 40% - 40% - 19:44
2 - 30% - 30% - 14:40
3 - 19% - 20% - 9:35
4 - 11% - 10% - 5:11
PP Forward
1 - 57% - 60% - 4:29
2 - 43% - 40% - 3:27
PP Defense
1 - 62% - 60% - 4:57
2 - 38% - 40% - 2:59
PK Forward
1 - 70% - 60% - 1:23
2 - 30% - 40% - 0:36
PK Defense
1 - 69% - 60% - 1:22
2 - 31% - 40% - 0:37
PK3 Forward
1 - 0% - 60%
2 - 0% - 40%
PK3 Defense
1 - 0% - 60%
2 - 0% - 40%
44 Forward
1 - 0% - 60%
2 - 0% - 40%
44 Defense
1 - 0% - 60%
2 - 0% - 40%
Last Minute Offensive  - 0:55
Last Minute Defensive  - 0:00
Total
Forward - 60:00
Defense - 60:00

Play-by-Play

1st period


0:01 of 1st period - Logan Brown wins face-off versus Radek Faksa in neutral zone.
0:16 of 1st period - Off-side.
0:17 of 1st period - Sergey Tolchinsky wins face-off versus Arttu Ruotsalainen in neutral zone.
1:23 of 1st period - Icing by Tarmo Reunanen.
1:24 of 1st period - Tyler Angle wins face-off versus Logan Brown in Gulls zone.
1:37 of 1st period - Wrist shot by Logan Brown.
1:37 of 1st period - Stopped by David Rittich with a rebound.
1:39 of 1st period - Slapshot by Anton Blidh.
1:39 of 1st period - Stopped by David Rittich with a rebound.
1:51 of 1st period - Snap shot by Artem Zub.
1:51 of 1st period - Shot Blocked by Andrei Mironov.
2:46 of 1st period - Minor Penalty to Logan Brown for Tripping.
2:47 of 1st period - Radek Faksa wins face-off versus Luke Kunin in Gulls zone.
2:53 of 1st period - Wrist shot by Radek Faksa.
2:53 of 1st period - Stopped by Louis Domingue without a rebound.
2:54 of 1st period - Radek Faksa wins face-off versus Luke Kunin in Gulls zone.
3:01 of 1st period - Snap shot by Kiefer Sherwood.
3:01 of 1st period - Deflect By Tarmo Reunanen.
3:01 of 1st period - Shot Misses the Net.
3:01 of 1st period - Puck is out of play.
3:02 of 1st period - Radek Faksa wins face-off versus Luke Kunin in Gulls zone.
3:05 of 1st period - Wrist shot by Marc Michaelis.
3:05 of 1st period - Stopped by Louis Domingue with a rebound.
3:07 of 1st period - Slapshot by Zac Leslie.
3:07 of 1st period - Deflect By Radek Faksa.
3:07 of 1st period - Shot Blocked by Dean Kukan.
3:07 of 1st period - Puck is out of play.
3:08 of 1st period - Luke Kunin wins face-off versus Radek Faksa in Gulls zone.
3:17 of 1st period - Snap shot by Marc Michaelis.
3:17 of 1st period - Shot Blocked by Luke Kunin.
3:19 of 1st period - Wrist shot by Kiefer Sherwood.
3:19 of 1st period - Shot Blocked by Dean Kukan.
3:21 of 1st period - Snap shot by Kiefer Sherwood.
3:21 of 1st period - Shot Misses the Net.
3:23 of 1st period - Wrist shot by Kiefer Sherwood.
3:23 of 1st period - Stopped by Louis Domingue without a rebound.
3:24 of 1st period - Arttu Ruotsalainen wins face-off versus Luke Kunin in Gulls zone.
3:37 of 1st period - Slapshot by Vitaly Abramov.
3:37 of 1st period - Stopped by Louis Domingue without a rebound.
3:38 of 1st period - Radek Faksa wins face-off versus Morgan Frost in Gulls zone.
3:47 of 1st period - Snap shot by Marc Michaelis.
3:47 of 1st period - Stopped by Louis Domingue without a rebound.
3:48 of 1st period - Radek Faksa wins face-off versus Morgan Frost in Gulls zone.
3:57 of 1st period - Snap shot by Radek Faksa.
3:57 of 1st period - Stopped by Louis Domingue without a rebound.
3:58 of 1st period - Radek Faksa wins face-off versus Luke Kunin in Gulls zone.
4:27 of 1st period - Wrist shot by Vitaly Abramov.
4:27 of 1st period - Deflect By Arttu Ruotsalainen.
4:27 of 1st period - Shot Misses the Net.
4:27 of 1st period - Puck is out of play.
4:28 of 1st period - Morgan Frost wins face-off versus Arttu Ruotsalainen in Gulls zone.
4:28 of 1st period - Morgan Frost is hit by Jonas Siegenthaler.
4:46 of 1st period - Penalty to Logan Brown is over, Logan Brown is back on ice.
5:44 of 1st period - Snap shot by Scott Wilson.
5:44 of 1st period - Shot Blocked by Carl Grundstrom.
5:46 of 1st period - Slapshot by Andrei Mironov.
5:46 of 1st period - Shot Misses the Net.
7:05 of 1st period - Wrist shot by Scott Wilson.
7:05 of 1st period - Goal by Scott Wilson - Gulls : 1 - Senators : 0.
7:06 of 1st period - Logan Brown wins face-off versus Radek Faksa in neutral zone.
7:17 of 1st period - Snap shot by Logan Brown.
7:17 of 1st period - Stopped by David Rittich without a rebound.
7:18 of 1st period - Marc Michaelis wins face-off versus Logan Brown in Senators zone.
7:27 of 1st period - Snap shot by Radek Faksa.
7:27 of 1st period - Stopped by Louis Domingue with a rebound.
8:02 of 1st period - Icing by Andrei Mironov.
8:03 of 1st period - Luke Kunin wins face-off versus Akil Thomas in Gulls zone.
8:15 of 1st period - Snap shot by Logan O'Connor.
8:15 of 1st period - Stopped by Louis Domingue without a rebound.
8:16 of 1st period - Radek Faksa wins face-off versus Logan Brown in Gulls zone.
8:58 of 1st period - Wrist shot by Axel Jonsson-Fjallby.
8:58 of 1st period - Deflect By Tyler Angle.
8:58 of 1st period - Goal by Tyler Angle - Gulls : 1 - Senators : 1.
8:59 of 1st period - Morgan Frost wins face-off versus Arttu Ruotsalainen in neutral zone.
9:10 of 1st period - Snap shot by Carl Grundstrom.
9:10 of 1st period - Deflect By Vitaly Abramov.
9:10 of 1st period - Stopped by Louis Domingue with a rebound.
9:53 of 1st period - Snap shot by Logan Brown.
9:53 of 1st period - Stopped by David Rittich without a rebound.
9:54 of 1st period - Vitaly Abramov wins face-off versus Morgan Frost in Senators zone.
10:22 of 1st period - Off-side.
10:23 of 1st period - Logan Brown wins face-off versus Radek Faksa in neutral zone.
10:26 of 1st period - Wrist shot by Anton Blidh.
10:26 of 1st period - Shot Misses the Net.
11:02 of 1st period - Minor Penalty to Zac Leslie for High sticking.
11:03 of 1st period - Radek Faksa wins face-off versus Morgan Frost in Senators zone.
11:29 of 1st period - Morgan Frost is hit by Artem Zub and loses puck.
13:02 of 1st period - Penalty to Zac Leslie is over, Zac Leslie is back on ice.
13:20 of 1st period - Slapshot by Axel Jonsson-Fjallby.
13:20 of 1st period - Shot Misses the Net.
13:38 of 1st period - Connor Clifton is hit by Arttu Ruotsalainen and loses puck.
13:43 of 1st period - Wrist shot by Vitaly Abramov.
13:43 of 1st period - Stopped by Louis Domingue with a rebound.
14:41 of 1st period - Slapshot by Carl Grundstrom.
14:41 of 1st period - Stopped by Louis Domingue with a rebound.
14:43 of 1st period - Wrist shot by Arttu Ruotsalainen.
14:43 of 1st period - Shot Misses the Net.
14:45 of 1st period - Wrist shot by Arttu Ruotsalainen.
14:45 of 1st period - Shot Misses the Net.
14:47 of 1st period - Snap shot by Arttu Ruotsalainen.
14:47 of 1st period - Stopped by Louis Domingue with a rebound.
14:49 of 1st period - Snap shot by Vitaly Abramov.
14:49 of 1st period - Stopped by Louis Domingue without a rebound.
14:50 of 1st period - Logan Brown wins face-off versus Akil Thomas in Gulls zone.
15:17 of 1st period - Carl Grundstrom is hit by Troy Terry and loses puck.
16:26 of 1st period - Snap shot by Logan O'Connor.
16:26 of 1st period - Stopped by Louis Domingue without a rebound.
16:27 of 1st period - Morgan Frost wins face-off versus Akil Thomas in Gulls zone.
16:55 of 1st period - Wrist shot by Vitaly Abramov.
16:55 of 1st period - Deflect By Arttu Ruotsalainen.
16:55 of 1st period - Stopped by Louis Domingue without a rebound.
16:56 of 1st period - Arttu Ruotsalainen wins face-off versus Logan Brown in Gulls zone.
16:57 of 1st period - Snap shot by Carl Grundstrom.
16:57 of 1st period - Shot Misses the Net.
16:59 of 1st period - Wrist shot by Carl Grundstrom.
16:59 of 1st period - Deflect By Logan Brown.
16:59 of 1st period - Shot Misses the Net.
16:59 of 1st period - Puck is out of play.
17:00 of 1st period - Logan Brown wins face-off versus Radek Faksa in Gulls zone.
17:29 of 1st period - Snap shot by Vitaly Abramov.
17:29 of 1st period - Shot Misses the Net.
17:31 of 1st period - Snap shot by Carl Grundstrom.
17:31 of 1st period - Stopped by Louis Domingue without a rebound.
17:32 of 1st period - Morgan Frost wins face-off versus Kiefer Sherwood in Gulls zone.
18:09 of 1st period - Snap shot by Morgan Frost.
18:09 of 1st period - Shot Misses the Net.
18:21 of 1st period - Jonas Siegenthaler is hit by Logan Brown and loses puck.
18:28 of 1st period - Jakub Vrana is hit by Akil Thomas and loses puck.
18:43 of 1st period - Wrist shot by Luke Kunin.
18:43 of 1st period - Shot Hit the Post.
19:08 of 1st period - Snap shot by Axel Jonsson-Fjallby.
19:08 of 1st period - Shot Misses the Net.
19:56 of 1st period - Wrist shot by Carl Grundstrom.
19:56 of 1st period - Stopped by Louis Domingue with a rebound.
Goals for this period are 1 for Gulls vs 1 for Senators.
Shots for this period are 5 for Gulls vs 18 for Senators.

2nd period


0:01 of 2nd period - Kiefer Sherwood wins face-off versus Logan Brown in neutral zone.
0:26 of 2nd period - Morgan Frost is hit by Zac Leslie and loses puck.
1:11 of 2nd period - Snap shot by Axel Jonsson-Fjallby.
1:11 of 2nd period - Deflect By Bryce Kindopp.
1:11 of 2nd period - Deflect By Tarmo Reunanen.
1:11 of 2nd period - Stopped by Louis Domingue with a rebound.
1:27 of 2nd period - Jesse Graham is hit by Anton Blidh.
1:51 of 2nd period - Wrist shot by Arttu Ruotsalainen.
1:51 of 2nd period - Shot Misses the Net.
2:13 of 2nd period - Snap shot by Luke Kunin.
2:13 of 2nd period - Stopped by David Rittich with a rebound.
2:17 of 2nd period - Snap shot by Luke Kunin.
2:17 of 2nd period - Shot Misses the Net.
2:27 of 2nd period - Dylan DeMelo is hit by Bryce Kindopp and loses puck.
2:54 of 2nd period - Anton Blidh is hit by Jonas Siegenthaler and loses puck.
3:01 of 2nd period - Slapshot by Dylan DeMelo.
3:01 of 2nd period - Stopped by David Rittich without a rebound.
3:02 of 2nd period - Radek Faksa wins face-off versus Logan Brown in Senators zone.
3:48 of 2nd period - Mason Geertsen is hit by Andrei Mironov and loses puck.
3:53 of 2nd period - Snap shot by Scott Wilson.
3:53 of 2nd period - Shot Misses the Net.
4:55 of 2nd period - Off-side.
4:56 of 2nd period - Morgan Frost wins face-off versus Arttu Ruotsalainen in neutral zone.
5:07 of 2nd period - Slapshot by Artem Zub.
5:07 of 2nd period - Stopped by Louis Domingue without a rebound.
5:08 of 2nd period - Radek Faksa wins face-off versus Logan Brown in Gulls zone.
5:11 of 2nd period - Wrist shot by Marc Michaelis.
5:11 of 2nd period - Shot Misses the Net.
5:13 of 2nd period - Snap shot by Kiefer Sherwood.
5:13 of 2nd period - Stopped by Louis Domingue with a rebound.
5:15 of 2nd period - Slapshot by Zac Leslie.
5:15 of 2nd period - Stopped by Louis Domingue with a rebound.
5:17 of 2nd period - Snap shot by Radek Faksa.
5:17 of 2nd period - Deflect By Marc Michaelis.
5:17 of 2nd period - Stopped by Louis Domingue with a rebound.
5:19 of 2nd period - Snap shot by Marc Michaelis.
5:19 of 2nd period - Shot Misses the Net.
5:21 of 2nd period - Wrist shot by Zac Leslie.
5:21 of 2nd period - Stopped by Louis Domingue with a rebound.
5:23 of 2nd period - Slapshot by Zac Leslie.
5:23 of 2nd period - Shot Misses the Net.
5:45 of 2nd period - Slapshot by Anton Karlsson.
5:45 of 2nd period - Stopped by Louis Domingue without a rebound.
5:46 of 2nd period - Radek Faksa wins face-off versus Morgan Frost in Gulls zone.
6:11 of 2nd period - Zac Leslie is hit by Barrett Hayton and loses puck.
6:18 of 2nd period - Dylan DeMelo is hit by Carl Grundstrom and loses puck.
6:41 of 2nd period - Slapshot by Luke Kunin.
6:41 of 2nd period - Stopped by David Rittich without a rebound.
6:42 of 2nd period - Jakub Vrana wins face-off versus Radek Faksa in Senators zone.
6:52 of 2nd period - Minor Penalty to Jakub Vrana for Delaying the game.
6:53 of 2nd period - Luke Kunin wins face-off versus Radek Faksa in Gulls zone.
7:27 of 2nd period - Snap shot by Carl Grundstrom.
7:27 of 2nd period - Shot Misses the Net.
7:29 of 2nd period - Wrist shot by Arttu Ruotsalainen.
7:29 of 2nd period - Shot Misses the Net.
7:46 of 2nd period - Icing by Jonas Siegenthaler.
7:47 of 2nd period - Radek Faksa wins face-off versus Mikhail Maltsev in Senators zone.
8:28 of 2nd period - Slapshot by Andrei Mironov.
8:28 of 2nd period - Stopped by David Rittich with a rebound.
8:52 of 2nd period - Penalty to Jakub Vrana is over, Jakub Vrana is back on ice.
9:06 of 2nd period - Anton Blidh is hit by Logan O'Connor and loses puck.
10:06 of 2nd period - Snap shot by Anton Karlsson.
10:06 of 2nd period - Shot Misses the Net.
10:39 of 2nd period - Zac Leslie is hit by Tarmo Reunanen.
10:57 of 2nd period - Wrist shot by Sergey Tolchinsky.
10:57 of 2nd period - Stopped by David Rittich without a rebound.
10:58 of 2nd period - Morgan Frost wins face-off versus Arttu Ruotsalainen in Senators zone.
11:03 of 2nd period - Snap shot by Sergey Tolchinsky.
11:03 of 2nd period - Shot Misses the Net.
11:23 of 2nd period - Jakub Vrana is hit by Zac Leslie and loses puck.
11:32 of 2nd period - Snap shot by Radek Faksa.
11:32 of 2nd period - Deflect By Kiefer Sherwood.
11:32 of 2nd period - Stopped by Louis Domingue with a rebound.
11:34 of 2nd period - Slapshot by Jonas Siegenthaler.
11:34 of 2nd period - Stopped by Louis Domingue without a rebound.
11:35 of 2nd period - Arttu Ruotsalainen wins face-off versus Morgan Frost in Gulls zone.
11:46 of 2nd period - Snap shot by Carl Grundstrom.
11:46 of 2nd period - Stopped by Louis Domingue without a rebound.
11:47 of 2nd period - Logan Brown wins face-off versus Radek Faksa in Gulls zone.
11:47 of 2nd period - Logan Brown is hit by Artem Zub.
11:50 of 2nd period - Minor Penalty to Jakub Vrana for Interference.
11:51 of 2nd period - Radek Faksa wins face-off versus Luke Kunin in Gulls zone.
12:14 of 2nd period - Icing by Kiefer Sherwood.
12:15 of 2nd period - Radek Faksa wins face-off versus Luke Kunin in Senators zone.
12:33 of 2nd period - Slapshot by Marc Michaelis.
12:33 of 2nd period - Deflect By Kiefer Sherwood.
12:33 of 2nd period - Shot Misses the Net.
12:33 of 2nd period - Puck is out of play.
12:34 of 2nd period - Arttu Ruotsalainen wins face-off versus Luke Kunin in Gulls zone.
13:50 of 2nd period - Penalty to Jakub Vrana is over, Jakub Vrana is back on ice.
14:45 of 2nd period - Slapshot by Dylan DeMelo.
14:45 of 2nd period - Deflect By Jakub Vrana.
14:45 of 2nd period - Stopped by David Rittich with a rebound.
15:50 of 2nd period - Snap shot by Arttu Ruotsalainen.
15:50 of 2nd period - Shot Misses the Net.
16:16 of 2nd period - Snap shot by Axel Jonsson-Fjallby.
16:16 of 2nd period - Stopped by Louis Domingue with a rebound.
16:25 of 2nd period - Off-side.
16:26 of 2nd period - Radek Faksa wins face-off versus Luke Kunin in neutral zone.
16:33 of 2nd period - Snap shot by Marc Michaelis.
16:33 of 2nd period - Shot Misses the Net.
16:35 of 2nd period - Backhand shot by Kiefer Sherwood.
16:35 of 2nd period - Goal by Kiefer Sherwood - Gulls : 1 - Senators : 2.
16:36 of 2nd period - Logan Brown wins face-off versus Radek Faksa in neutral zone.
17:27 of 2nd period - Snap shot by Dean Kukan.
17:27 of 2nd period - Stopped by David Rittich with a rebound.
17:29 of 2nd period - Snap shot by Mikhail Maltsev.
17:29 of 2nd period - Stopped by David Rittich without a rebound.
17:30 of 2nd period - Radek Faksa wins face-off versus Barrett Hayton in Senators zone.
17:42 of 2nd period - Icing by Barrett Hayton.
17:43 of 2nd period - Radek Faksa wins face-off versus Barrett Hayton in Gulls zone.
18:02 of 2nd period - Slapshot by Dean Kukan.
18:02 of 2nd period - Deflect By Zac Leslie.
18:02 of 2nd period - Stopped by David Rittich without a rebound.
18:03 of 2nd period - Logan Brown wins face-off versus Arttu Ruotsalainen in Senators zone.
18:16 of 2nd period - Slapshot by Artem Zub.
18:16 of 2nd period - Shot Blocked by Logan Brown.
18:18 of 2nd period - Wrist shot by Arttu Ruotsalainen.
18:18 of 2nd period - Deflect By Vitaly Abramov.
18:18 of 2nd period - Stopped by Louis Domingue without a rebound.
18:19 of 2nd period - Radek Faksa wins face-off versus Morgan Frost in Gulls zone.
18:51 of 2nd period - Snap shot by Anton Blidh.
18:51 of 2nd period - Goal by Anton Blidh - Gulls : 2 - Senators : 2.
18:52 of 2nd period - Radek Faksa wins face-off versus Logan Brown in neutral zone.
18:57 of 2nd period - Snap shot by Kiefer Sherwood.
18:57 of 2nd period - Stopped by Louis Domingue without a rebound.
18:58 of 2nd period - Jakub Vrana wins face-off versus Radek Faksa in Gulls zone.
19:27 of 2nd period - Wrist shot by Sergey Tolchinsky.
19:27 of 2nd period - Shot Blocked by Artem Zub.
19:29 of 2nd period - Wrist shot by Morgan Frost.
19:29 of 2nd period - Shot Misses the Net.
19:31 of 2nd period - Snap shot by Troy Terry.
19:31 of 2nd period - Stopped by David Rittich with a rebound.
Goals for this period are 1 for Gulls vs 1 for Senators.
Shots for this period are 11 for Gulls vs 14 for Senators.

3rd period


0:01 of 3rd period - Radek Faksa wins face-off versus Logan Brown in neutral zone.
0:06 of 3rd period - Wrist shot by Radek Faksa.
0:06 of 3rd period - Shot Misses the Net.
0:25 of 3rd period - Sergey Tolchinsky is hit by Vitaly Abramov.
0:28 of 3rd period - Icing by Dean Kukan.
0:29 of 3rd period - Arttu Ruotsalainen wins face-off versus Morgan Frost in Gulls zone.
0:36 of 3rd period - Snap shot by Troy Terry.
0:36 of 3rd period - Shot Blocked by Arttu Ruotsalainen.
0:38 of 3rd period - Snap shot by Morgan Frost.
0:38 of 3rd period - Shot Blocked by Vitaly Abramov.
0:54 of 3rd period - Wrist shot by Anton Blidh.
0:54 of 3rd period - Deflect By Jakub Vrana.
0:54 of 3rd period - Shot Blocked by Marc Michaelis.
0:54 of 3rd period - Puck is out of play.
0:55 of 3rd period - Radek Faksa wins face-off versus Logan Brown in Senators zone.
1:30 of 3rd period - Wrist shot by Sergey Tolchinsky.
1:30 of 3rd period - Stopped by David Rittich without a rebound.
1:31 of 3rd period - Luke Kunin wins face-off versus Radek Faksa in Senators zone.
2:24 of 3rd period - Wrist shot by Logan Brown.
2:24 of 3rd period - Deflect By Jakub Vrana.
2:24 of 3rd period - Stopped by David Rittich with a rebound.
2:26 of 3rd period - Snap shot by Jakub Vrana.
2:26 of 3rd period - Goal by Jakub Vrana - Gulls : 3 - Senators : 2.
2:27 of 3rd period - Radek Faksa wins face-off versus Logan Brown in neutral zone.
2:52 of 3rd period - Troy Terry is hit by Arttu Ruotsalainen and loses puck.
3:11 of 3rd period - Slapshot by Andrei Mironov.
3:11 of 3rd period - Deflect By Luke Kunin.
3:11 of 3rd period - Shot Misses the Net.
3:11 of 3rd period - Puck is out of play.
3:12 of 3rd period - Luke Kunin wins face-off versus Akil Thomas in Senators zone.
3:23 of 3rd period - Snap shot by Henri Ikonen.
3:23 of 3rd period - Shot Misses the Net.
3:37 of 3rd period - Logan Brown is hit by Gustav Forsling and loses puck.
3:42 of 3rd period - Wrist shot by Kiefer Sherwood.
3:42 of 3rd period - Shot Blocked by Anton Blidh.
3:44 of 3rd period - Wrist shot by Marc Michaelis.
3:44 of 3rd period - Deflect By Radek Faksa.
3:44 of 3rd period - Stopped by Louis Domingue without a rebound.
3:45 of 3rd period - Marc Michaelis wins face-off versus Logan Brown in Gulls zone.
4:23 of 3rd period - Wrist shot by Troy Terry.
4:23 of 3rd period - Shot Misses the Net.
4:53 of 3rd period - Sergey Tolchinsky is hit by Axel Jonsson-Fjallby and loses puck.
5:40 of 3rd period - Wrist shot by Troy Terry.
5:40 of 3rd period - Stopped by David Rittich with a rebound.
6:42 of 3rd period - Slapshot by Martin Fehervary.
6:42 of 3rd period - Shot Blocked by Mikhail Maltsev.
6:44 of 3rd period - Wrist shot by Tyler Angle.
6:44 of 3rd period - Shot Misses the Net.
6:53 of 3rd period - Icing by Markus Niemelainen.
6:54 of 3rd period - Radek Faksa wins face-off versus Barrett Hayton in Gulls zone.
7:12 of 3rd period - Wrist shot by Mikhail Maltsev.
7:12 of 3rd period - Shot Misses the Net.
7:30 of 3rd period - Snap shot by Jakub Vrana.
7:30 of 3rd period - Stopped by David Rittich with a rebound.
7:50 of 3rd period - Snap shot by Luke Kunin.
7:50 of 3rd period - Stopped by David Rittich without a rebound.
7:51 of 3rd period - Marc Michaelis wins face-off versus Luke Kunin in Senators zone.
7:58 of 3rd period - Snap shot by Jesse Graham.
7:58 of 3rd period - Shot Misses the Net.
8:00 of 3rd period - Snap shot by Radek Faksa.
8:00 of 3rd period - Deflect By Kiefer Sherwood.
8:00 of 3rd period - Shot Misses the Net.
8:00 of 3rd period - Puck is out of play.
8:01 of 3rd period - Anton Blidh wins face-off versus Radek Faksa in Gulls zone.
8:03 of 3rd period - Minor Penalty to Logan Brown for Unsportsmanlike conduct.
8:04 of 3rd period - Luke Kunin wins face-off versus Radek Faksa in Gulls zone.
8:18 of 3rd period - Wrist shot by Zac Leslie.
8:18 of 3rd period - Shot Misses the Net.
10:03 of 3rd period - Penalty to Logan Brown is over, Logan Brown is back on ice.
10:11 of 3rd period - Snap shot by Logan Brown.
10:11 of 3rd period - Shot Blocked by Logan O'Connor.
10:24 of 3rd period - Icing by Anton Karlsson.
10:25 of 3rd period - Morgan Frost wins face-off versus Akil Thomas in Senators zone.
10:32 of 3rd period - Snap shot by Troy Terry.
10:32 of 3rd period - Shot Blocked by Akil Thomas.
11:06 of 3rd period - Snap shot by Anton Karlsson.
11:06 of 3rd period - Stopped by Louis Domingue without a rebound.
11:07 of 3rd period - Radek Faksa wins face-off versus Logan Brown in Gulls zone.
11:32 of 3rd period - Arttu Ruotsalainen is hit by Luke Kunin and loses puck.
11:39 of 3rd period - Wrist shot by Luke Kunin.
11:39 of 3rd period - Shot Misses the Net.
11:41 of 3rd period - Wrist shot by Luke Kunin.
11:41 of 3rd period - Stopped by David Rittich without a rebound.
11:42 of 3rd period - Radek Faksa wins face-off versus Henri Ikonen in Senators zone.
11:51 of 3rd period - Slapshot by Luke Kunin.
11:51 of 3rd period - Stopped by David Rittich without a rebound.
11:52 of 3rd period - Radek Faksa wins face-off versus Luke Kunin in Senators zone.
12:03 of 3rd period - Wrist shot by Marc Michaelis.
12:03 of 3rd period - Stopped by Louis Domingue with a rebound.
12:05 of 3rd period - Slapshot by Jesse Graham.
12:05 of 3rd period - Shot Blocked by Andrei Mironov.
12:17 of 3rd period - Jonas Siegenthaler is hit by Henri Ikonen and loses puck.
12:54 of 3rd period - Slapshot by Scott Wilson.
12:54 of 3rd period - Stopped by David Rittich with a rebound.
12:56 of 3rd period - Wrist shot by Henri Ikonen.
12:56 of 3rd period - Shot Blocked by Artem Zub.
12:58 of 3rd period - Slapshot by Dean Kukan.
12:58 of 3rd period - Shot Misses the Net.
13:00 of 3rd period - Wrist shot by Dean Kukan.
13:00 of 3rd period - Stopped by David Rittich without a rebound.
13:01 of 3rd period - Arttu Ruotsalainen wins face-off versus Logan Brown in Senators zone.
13:08 of 3rd period - Icing by Anton Blidh.
13:09 of 3rd period - Logan Brown wins face-off versus Arttu Ruotsalainen in Gulls zone.
13:41 of 3rd period - Wrist shot by Carl Grundstrom.
13:41 of 3rd period - Shot Blocked by Jakub Vrana.
13:59 of 3rd period - Snap shot by Anton Blidh.
13:59 of 3rd period - Stopped by David Rittich with a rebound.
14:23 of 3rd period - Snap shot by Vitaly Abramov.
14:23 of 3rd period - Stopped by Louis Domingue without a rebound.
14:24 of 3rd period - Radek Faksa wins face-off versus Morgan Frost in Gulls zone.
14:51 of 3rd period - Artem Zub is hit by Henri Ikonen and loses puck.
15:16 of 3rd period - Mikhail Maltsev is hit by Tyler Angle and loses puck.
15:41 of 3rd period - Snap shot by Marc Michaelis.
15:41 of 3rd period - Deflect By Radek Faksa.
15:41 of 3rd period - Stopped by Louis Domingue with a rebound.
15:43 of 3rd period - Slapshot by Artem Zub.
15:43 of 3rd period - Shot Blocked by Andrei Mironov.
16:13 of 3rd period - Sergey Tolchinsky is hit by Logan O'Connor and loses puck.
16:58 of 3rd period - Slapshot by Bryce Kindopp.
16:58 of 3rd period - Stopped by Louis Domingue without a rebound.
16:59 of 3rd period - Radek Faksa wins face-off versus Logan Brown in Gulls zone.
17:05 of 3rd period - Off-side.
17:06 of 3rd period - Logan Brown wins face-off versus Kiefer Sherwood in neutral zone.
17:19 of 3rd period - Snap shot by Logan Brown.
17:19 of 3rd period - Shot Misses the Net.
17:21 of 3rd period - Slapshot by Anton Blidh.
17:21 of 3rd period - Shot Misses the Net.
18:15 of 3rd period - Snap shot by Logan Brown.
18:15 of 3rd period - Deflect By Jakub Vrana.
18:15 of 3rd period - Deflect By Radek Faksa.
18:15 of 3rd period - Stopped by David Rittich without a rebound.
18:16 of 3rd period - Radek Faksa wins face-off versus Logan Brown in Senators zone.
18:50 of 3rd period - Wrist shot by Troy Terry.
18:50 of 3rd period - Shot Misses the Net.
18:52 of 3rd period - Slapshot by Troy Terry.
18:52 of 3rd period - Stopped by David Rittich with a rebound.
18:54 of 3rd period - Slapshot by Connor Clifton.
18:54 of 3rd period - Stopped by David Rittich with a rebound.
19:04 of 3rd period - Snap shot by Anton Blidh.
19:04 of 3rd period - Deflect By Logan Brown.
19:04 of 3rd period - Shot Blocked by Artem Zub.
19:04 of 3rd period - Puck is out of play.
19:05 of 3rd period - Mario Lemieux call a timeout for Senators.
19:05 of 3rd period - Radek Faksa wins face-off versus Logan Brown in Senators zone.
19:10 of 3rd period - Senators, David Rittich is pulled from the net.
19:26 of 3rd period - Snap shot by Radek Faksa.
19:26 of 3rd period - Stopped by Louis Domingue without a rebound.
19:27 of 3rd period - Radek Faksa wins face-off versus Logan Brown in Gulls zone.
19:42 of 3rd period - Wrist shot by Radek Faksa.
19:42 of 3rd period - Shot Blocked by Logan Brown.
19:44 of 3rd period - Snap shot by Zac Leslie.
19:44 of 3rd period - Shot Blocked by Anton Blidh.
19:46 of 3rd period - Slapshot by Kiefer Sherwood.
19:46 of 3rd period - Shot Misses the Net.
19:48 of 3rd period - Wrist shot by Artem Zub.
19:48 of 3rd period - Stopped by Louis Domingue with a rebound.
Goals for this period are 1 for Gulls vs 0 for Senators.
Shots for this period are 14 for Gulls vs 8 for Senators.